 Dungeon Crawl Stone Soup version 0.31.0-9-g3a7656b989 (webtiles) character file.

Game seed: 5556279950816990420

3174 James the Basher (level 9, 0/83 HPs)
             Began as a Troll Gladiator on Feb 4, 2024.
             Was a Follower of Hepliaklqana.
             Slain by a killer bee (5 damage)
             ... on level 8 of the Dungeon.
             The game lasted 00:16:35 (5999 turns).

James the Basher (Troll Gladiator)                  Turns: 5999, Time: 00:16:36

Health: 0/83       AC:  6    Str: 28    XL:     9   Next: 63%
Magic:  8/8        EV: 10    Int:  4    God:    Hepliaklqana [*.....]
Gold:   527        SH:  0    Dex: 11    Spells: 8/8 levels left

rFire   . . .        b - +2 whip (elec)
rCold   . . .        (no shield)
rNeg    . . .        g - +0 robe
rPois   .            c - +2 hat
rElec   .            (no cloak)
rCorr   .            (gloves unavailable)
SInv    .            (boots unavailable)
Will    .....        u - amulet of the acrobat
Stlth   +            n - ring of flight
HPRegen 1.13/turn    (no ring)
MPRegen 0.11/turn

%: acrobat
@: confused, lethally poisoned (0 -> -4), ambrosia-drunk, flying
A: reduced essence, large, unfitting armour, claws 3, regeneration 1, shaggy fur
1, tough skin 1
a: Renounce Religion, Recall Ancestor, Ancestor Identity


You were on level 8 of the Dungeon.
You worshipped Hepliaklqana.
Hepliaklqana was aware of your devotion.
You visited 2 branches of the dungeon, and saw 9 of its levels.

You collected 527 gold pieces.

Inventory:

Hand Weapons
 a - a +1 flail of protection
   (You found it on level 8 of the Dungeon)
 b - a +2 whip of electrocution (weapon)
   (You took it off a kobold brigand on level 7 of the Dungeon)
 f - a +0 flail
 o - a +0 spear
   (You took it off a gnoll on level 3 of the Dungeon)
 w - a +2 whip of freezing
   (You took it off a gnoll on level 6 of the Dungeon)
 y - a +0 heavy spear
   (You took it off a gnoll sergeant on level 6 of the Dungeon)
 z - a +0 scythe
   (You took it off Sigmund on level 5 of the Dungeon)
 C - a +0 flail of holy wrath
   (You took it off an orc on level 6 of the Dungeon)
 F - a +0 orcbow
   (You found it on level 2 of the Dungeon)
 G - a +2 mace of protection
   (You took it off an orc on level 4 of the Dungeon)
Missiles
 d - 7 throwing nets {!f}
 k - 7 poisoned darts (quivered)
 A - a large rock
 I - 3 boomerangs
Armour
 c - a +2 hat (worn)
 e - a +0 robe
   (You took it off Sigmund on level 5 of the Dungeon)
 g - a +0 robe (worn)
 i - a +0 robe
   (You found it on level 2 of the Dungeon)
 p - a +0 robe
   (You found it on level 3 of the Dungeon)
 r - a +0 robe
   (You took it off an orc wizard on level 4 of the Dungeon)
 B - a +0 robe
   (You took it off an orc wizard on level 6 of the Dungeon)
 J - a +0 robe
   (You took it off an orc wizard on level 8 of the Dungeon)
Magical Staves
 D - a staff of fire
   (You found it on level 6 of the Dungeon)
Jewellery
 n - a ring of flight (left claw)
   (You found it on level 3 of the Dungeon)
 u - an amulet of the acrobat (around neck)
   (You found it on level 3 of the Dungeon)
Wands
 j - a wand of charming (10)
   (You found it on level 2 of the Dungeon)
 q - a wand of roots (10)
   (You found it on level 4 of the Dungeon)
Potions
 h - a potion of invisibility
 l - a potion of ambrosia
 m - a potion of haste {@q3}
 s - a potion of degeneration {unknown}
 t - a potion of curing {unknown}
 v - 3 potions of mutation {!q}
 x - a potion of might {unknown}
 E - a potion of heal wounds {unknown}
 H - a potion of enlightenment {unknown}


   Skills:
 + Level 7.1 Fighting
 + Level 10.1 Maces & Flails
 - Level 2.0 Throwing
 - Level 3.0 Dodging


You had 8 spell levels left.
You didn't know any spells.
Your spell library contained the following spells:

 Spells                   Type           Power      Damage    Failure   Level
 Magic Dart               Conj           0%         1d3       50%         1
 Searing Ray              Conj           0%         2d4       65%         2
 Tukima's Dance           Hex            0%         N/A       86%         3
 Volatile Blastmotes      Fire/Tloc      0%         2d10      86%         3
 Fulminant Prism          Conj/Alch      0%         3d5       99%         4
 Iskenderun's Mystic Bla  Conj/Tloc      0%         2d3       99%         4
 Passage of Golubria      Tloc           0%         N/A       99%         4
 Yara's Violent Unravell  Hex/Alch       0%         3d3       100%        5


Dungeon Overview and Level Annotations

Branches:
Dungeon (8/15)             Temple (1/1) D:6            Lair (0/5) D:8

Altars:
Ashenzari
Cheibriados
Dithmenos
Elyvilon
Gozag
Hepliaklqana
Kikubaaqudgha
Makhleb
Nemelex Xobeh
Okawaru
Qazlal
Ru
Trog
Uskayaw
Vehumet
Wu Jian
Xom
Yredelemnul
Zin
The Shining One

Shops:
D:2 (   D:5 *


Innate Abilities, Weirdness & Mutations

Your life essence is reduced to manifest your ancestor. (-10% HP)
You are too large for most types of armour.
You have claws for hands.
Your natural rate of healing is unusually fast.
You are covered in fur. (AC +1)
You have tough skin. (AC +1)


Message History

You hit the killer bee.
Lightning courses through the killer bee!!
You kill the killer bee!
You feel sick. The killer bee closely misses you.
You hit the killer bee.
You feel sick. The killer bee closely misses you.
The killer bee stings you but does no damage.
You whack the killer bee!
You feel sick.
The killer bee stings you but does no damage.
The killer bee barely misses you. The killer bee stings you.
The killer bee stings you!
* * * LOW HITPOINT WARNING * * *
You closely miss the killer bee.
The killer bee stings you but does no damage.
The killer bee closely misses you.
You miss the killer bee.
You feel sick. The killer bee stings you.
* * * LOW HITPOINT WARNING * * *
You are more poisoned.
The killer bee poisons you! The killer bee stings you.
* * * LOW HITPOINT WARNING * * *
You completely miss the killer bee.
You feel sick. The killer bee closely misses you. x2
Unknown command.
You miss the killer bee.
You feel sick. The killer bee misses you. The killer bee stings you.
* * * LOW HITPOINT WARNING * * *
You hit the killer bee but do no damage.
You feel sick. The killer bee stings you.
* * * LOW HITPOINT WARNING * * *
The killer bee stings you but does no damage.
The killer bee stings you!
* * * LOW HITPOINT WARNING * * *
The killer bee stings you.
* * * LOW HITPOINT WARNING * * *
You are more poisoned.
The killer bee poisons you!
You are confused.
You feel invigorated.
You feel very sick. The killer bee stings you.
* * * LOW HITPOINT WARNING * * *
The killer bee stings you.
* * * LOW HITPOINT WARNING * * *
The killer bee closely misses you. The killer bee barely misses you.
Unknown command.
You miss the killer bee.
* * * LOW HITPOINT WARNING * * *
You feel sick.
The killer bee stings you but does no damage.
The killer bee stings you.
You die...

......... +...#.......# ........
#.).#.......+ #.....#
##))##.....## .
#.....###+###..##.....## ..
#..........#...+........ ...#
#....yy.y..#...#.....†.. .....
#...# ##..##..##.##
...P..####...########'###+##'##
.hY.P..<#.$.yy@...#............
..>.......#....y#...#............
...l..P...+....y#...'...........#
.....P..#.##..###..##...##..##..#
.......##.##..####'##...##..##..#
.....####l.#..#..R.#....#........
......#....#..#....#....#........
...Y..'....#.[#....#....#.......#
#....#..#....#....#.......#


You could see 4 killer bees.

Vanquished Creatures
  An elephant (D:7)
  Grinder (D:5)
  Sigmund (D:5)
  A yak (D:8)
  4 black bears
  3 ice beasts
  A sky beast (D:8)
  2 phantoms
  A kobold brigand (D:7)
  3 bullfrogs
  A gnoll sergeant (D:6)
  2 scorpions
  2 killer bees (D:8)
  A bombardier beetle (D:4)
  A jelly (D:5)
  A gnoll bouda (D:6)
  6 hounds
  3 orc priests
  A sleepcap (D:7)
  6 iguanas
  2 orc wizards
  11 gnolls
  2 adders
  4 dart slugs
  2 ribbon worms (D:2)
  25 orcs
  2 ball pythons (D:1)
  2 bats
  3 endoplasms
  A giant cockroach (D:2)
  3 goblins
  8 hobgoblins
  4 jackals (D:4)
  3 quokkas
  2 frilled lizards
  10 kobolds
  6 rats
132 creatures vanquished.

Vanquished Creatures (collateral kills)
  A bullfrog (D:8)
  An orc priest (D:8)
  An orc wizard (D:8)
3 creatures vanquished.

Vanquished Creatures (others)
  2 ancestors (D:8)
2 creatures vanquished.

Grand Total: 137 creatures vanquished

Notes
Turn   | Place    | Note
-------+----------+-------------------------------------------
     0 | D:1      | James the Troll Gladiator began the quest for the Orb.
     0 | D:1      | Reached XP level 1. HP: 19/19 MP: 0/0
    68 | D:1      | Reached skill level 3 in Maces & Flails
    80 | D:1      | Reached XP level 2. HP: 28/28 MP: 1/1
   665 | D:2      | Reached XP level 3. HP: 35/35 MP: 2/2
  1256 | D:2      | Found Fataysuj's Weapon Boutique.
  1453 | D:3      | Reached skill level 4 in Maces & Flails
  1488 | D:3      | Reached XP level 4. HP: 35/42 MP: 3/3
  2392 | D:4      | Reached skill level 5 in Maces & Flails
  2392 | D:4      | Reached XP level 5. HP: 49/49 MP: 4/4
  2487 | D:4      | Noticed a phantom
  2509 | D:4      | Killed a phantom
  2510 | D:4      | Reached skill level 6 in Maces & Flails
  2510 | D:4      | Reached XP level 6. HP: 35/57 MP: 5/5
  2572 | D:4      | Found a snail-covered altar of Cheibriados.
  2992 | D:5      | Entered Level 5 of the Dungeon
  3083 | D:5      | Noticed Grinder
  3111 | D:5      | Paralysed by Grinder for 4 turns
  3118 | D:5      | Paralysed by Grinder for 4 turns
  3130 | D:5      | Killed Grinder
  3131 | D:5      | Reached skill level 7 in Maces & Flails
  3131 | D:5      | Reached XP level 7. HP: 53/65 MP: 6/6
  3430 | D:5      | Found Xafasheps's Lightly-Used Armoury.
  3660 | D:5      | Reached skill level 8 in Maces & Flails
  3878 | D:5      | Noticed Sigmund
  3884 | D:5      | Killed Sigmund
  3952 | D:6      | Reached XP level 8. HP: 78/78 MP: 7/7
  4074 | D:5      | Reached skill level 5 in Fighting
  4226 | D:6      | Found a staircase to the Ecumenical Temple.
  4235 | Temple   | Entered the Ecumenical Temple
  4245 | Temple   | Became a worshipper of Hepliaklqana the Forgotten
  4329 | D:6      | Found a stormy altar of Qazlal.
  4335 | D:6      | Found a basalt altar of Yredelemnul.
  4491 | D:6      | Found a broken altar of Ashenzari.
  5075 | D:7      | Reached skill level 9 in Maces & Flails
  5075 | D:7      | Reached XP level 9. HP: 89/89 MP: 8/8
  5424 | D:7      | Reached * piety under Hepliaklqana
  5597 | D:8      | Found a staircase to the Lair.
  5598 | D:8      | Noticed an elephant
  5817 | D:7      | Killed an elephant
  5895 | D:8      | Reached skill level 10 in Maces & Flails
  5998 | D:8      | HP: 4/83 [killer bee (6)]
  5999 | D:8      | Slain by a killer bee

Illustrated notes

Levels and vault maps discovered:
D:1:      dpeg_arrival_arbitrary_c, layout_basic, nicolae_figureground_pulse
D:2:      layout_loops_ring, serial_shops, nicolae_shop_back_alley_shop
D:3:      layout_basic
D:4:      layout_basic, mainiacjoe_overflow_small_starburst,
          chequers_serial_rivers_large_a, minmay_gold_behind_fungi
D:5:      layout_loops_cross, minmay_shop_damaged, minmay_misc_feat_square,
          uniq_sigmund, uniq_grinder
D:6:      layout_cave_pools, overflow_temple_1_default,
          amethyst_overflow_temple_binary, minmay_temple_entry_ruins,
          nicolae_water_bricks
D:7:      layout_loops_ring
D:8:      layout_gridville, david_lair_generic, serial_shops, shop,
          bh_walls_and_bars
Temple:   nicolae_temple_bog_church

Skill      XL: |  1  2  3  4  5  6  7  8  9 |
---------------+----------------------------+-----
Maces & Flails | 3 4 5 6 7 8 9 10 | 10.1
Fighting       | 2 3 6 7 |  7.1
Dodging        | 3 |  3.0
Throwing       | 2 |  2.0

Action                     |  1- 3 |  4- 6 |  7- 9 || total
---------------------------+-------+-------+-------++-------
  Melee: Flail             |    89 |    44 |       ||   133
         Mace              |       |    90 |   221 ||   311
         Punch             |       |     2 |     3 ||     5
         Whip              |       |       |   107 ||   107
   Fire: Orcbow            |    24 |     4 |       ||    28
  Throw: Large rock        |       |     1 |     1 ||     2
         Boomerang         |       |     1 |       ||     1
         Dart              |       |       |     4 ||     4
    Use: Scroll            |       |     8 |     5 ||    13
         Potion            |       |       |     1 ||     1
   Stab: Sleeping          |       |     1 |       ||     1
 Armour: Robe              |    60 |    80 |   268 ||   408
  Dodge: Dodged            |    45 |    67 |   207 ||   319
